 Dungeon Crawl Stone Soup version 0.18.1-2-ga659475 (webtiles) character file.

136622 esc the Champion of Chaos (level 17, -1/158 HPs)
             Began as a Hill Orc Gladiator on May 8, 2016.
             Was the Champion of Makhleb.
             Slain by Aizul (54 damage)
             ... on level 2 of the Snake Pit.
             The game lasted 01:46:42 (33658 turns).

esc the Champion of Chaos (Hill Orc Gladiator)     Turns: 33658, Time: 01:46:42

Health: -1/158     AC: 24    Str: 20    XL:     17   Next: 22%
Magic:  29/29      EV: 14    Int: 20    God:    Makhleb [******]
Gold:   934        SH:  4    Dex: 15    Spells: 0 memorised, 16 levels left

rFire  . . .     SeeInvis .     r - +7 halberd "Wykeu" {flame, Dex+3}
rCold  . . .     Gourm    .     m - +6 chain mail of the Komodo Dragon {*Contam rElec Int+8}
rNeg   . . .     Faith    .     (shield currently unavailable)
rPois  +         Spirit   .     c - +1 helmet
rElec  +         Dismiss  .     y - +0 cloak
rCorr  .         Reflect  +     n - +0 pair of gloves
SustAt .         Harm     .     g - +0 pair of boots
MR     ++...                    h - +4 amulet of reflection
Stlth  ..........               W - +3 ring of slaying
                                V - ring of poison resistance {rPois, !d}

@: lethally poisoned (-1 -> -4), very resistant to hostile enchantments,
extremely unstealthy
A: magic resistance 1, mutation resistance 1
a: Minor Destruction, Lesser Servant of Makhleb, Major Destruction, Greater
Servant of Makhleb, Renounce Religion


You were on level 2 of the Snake Pit.
You worshipped Makhleb.
Makhleb was exalted by your worship.
You were not hungry.

You visited 4 branches of the dungeon, and saw 25 of its levels.
You also visited: Ossuary.

You collected 2487 gold pieces.
You spent 1553 gold pieces at shops.

Inventory:

Hand Weapons
 r - the +7 halberd "Wykeu" (weapon) {flame, Dex+3}
   (You acquired it on level 5 of the Lair of Beasts)

   It has been specially enchanted to burn those struck by it, causing extra
   injury to most foes and up to half again as much damage against particularly
   susceptible opponents.
   Big, fiery blades are also staple armaments of hydra-hunters.
   It affects your dexterity (+3).
Missiles
 i - 482 stones (quivered)
 p - 27 tomahawks
 s - a throwing net {=f, !d}
 w - 5 silver tomahawks
Armour
 c - a +1 helmet (worn)
 g - a +0 pair of boots (worn)
   (You found it on level 2 of the Dungeon)
 m - the +6 chain mail of the Komodo Dragon (worn) {*Contam rElec Int+8}
   (You found it on level 1 of the Snake Pit)

   It affects your intelligence (+8).
   It insulates you from electricity.
   It causes magical contamination when unequipped.
 n - a +0 pair of gloves (worn)
   (You found it on level 2 of the Dungeon)
 y - a +0 cloak (worn)
   (You found it on level 4 of the Dungeon)
 K - the +6 chain mail of the King {rPois Regen+ Int+3 Stlth-}
   (You found it on level 1 of the Snake Pit)

   It affects your intelligence (+3).
   It protects you from poison.
   It increases your rate of regeneration.
   It makes you less stealthy.
Jewellery
 h - a +4 amulet of reflection (around neck)
   (You found it on level 1 of the Dungeon)
 k - an uncursed ring of flight {+Fly, !d}
   (You found it on level 2 of the Dungeon)
 E - an uncursed ring of see invisible {sInv, !d}
   (You acquired it on level 7 of the Lair of Beasts)
 Q - an uncursed ring of ice {rC+, rF-}
   (You took it off Fannar on level 2 of the Lair of Beasts)
 V - a ring of poison resistance (left hand) {rPois, !d}
   (You found it on level 2 of the Lair of Beasts)
 W - a +3 ring of slaying (right hand)
   (You found it on level 4 of the Lair of Beasts)
Wands
 a - a wand of iceblast (12/15)
   (You found it on level 11 of the Dungeon)
 G - a wand of disintegration (4/24)
   (You found it on level 9 of the Dungeon)
 H - a wand of enslavement (11/24)
   (You found it on level 10 of the Dungeon)
 P - a wand of acid (8/15)
   (You found it on level 3 of the Lair of Beasts)
 R - a wand of paralysis (14/24)
   (You found it on level 8 of the Lair of Beasts)
 X - a wand of lightning (7/15)
   (You found it on level 6 of the Lair of Beasts)
Scrolls
 b - a scroll of recharging
 j - 2 scrolls of enchant armour
 q - 7 scrolls of identify
 v - 7 scrolls of magic mapping {!r}
 x - 8 scrolls of teleportation
 A - a scroll of enchant weapon
 J - 5 scrolls of remove curse
 T - a scroll of fog
Potions
 e - a potion of magic
 l - 6 potions of might
 o - 6 potions of agility
 t - a potion of cure mutation {!q}
 z - 5 potions of flight
 C - 7 potions of haste
 D - 6 potions of resistance
 F - 2 potions of cancellation
 I - 4 potions of ambrosia
 S - 2 potions of heal wounds
 Z - 4 potions of curing
Books
 u - a book of Flames
   (You found it on level 2 of the Snake Pit)
Miscellaneous
 d - a disc of storms
   (You found it on level 2 of the Lair of Beasts)
 Y - a phial of floods
   (You found it on level 6 of the Lair of Beasts)
Comestibles
 f - 16 bread rations {@e1}
 M - 10 royal jellies
 N - 8 meat rations {@e2}


   Skills:
 + Level 15.8 Fighting
 + Level 15.7 Polearms
 - Level 1.7 Throwing
 + Level 10.0 Armour
 + Level 12.0 Dodging
 + Level 17.1 Invocations


You had 16 spell levels left.
You didn't know any spells.

Dungeon Overview and Level Annotations

Branches:
Dungeon (12/15)            Temple (0/1) D:7            Lair (8/8) D:10
 Shoals (0/4) Lair:3        Snake (3/4) Lair:4        Slime (0/6) Lair:6
    Orc (2/2) D:12            Elf (0/3) Orc:2

Altars:
Ashenzari
Cheibriados
Dithmenos
Elyvilon
Fedhas
Gozag
Kikubaaqudgha
Makhleb
Nemelex Xobeh
Okawaru
Pakellas
Qazlal
Ru
Sif Muna
Trog
Xom
Zin
The Shining One
Beogh
Jiyva

Shops:
D:5 *   D:8 !   D:10 !   D:12 =   Orc:2 ([*=%(

Portals:
Trove: D:10 (give +3 shadow dragon armour)

Annotations:
Snake:2 Aizul


Innate Abilities, Weirdness & Mutations

You are resistant to hostile enchantments.
You are somewhat resistant to further mutation.


Message History

The splash of poison hits you! You resist.
You regained 20 hp, and now have 80/158 hp.
Attack whom?
Aim: a naga, wielding a glaive and wearing a robe (catching its breath)
You reach to attack!
You slice the naga!! You burn the naga.
Attack whom?
Aim: a naga, wielding a glaive and wearing a robe (almost dead)
You reach to attack!
You hit the naga. You burn the naga.
You kill the naga!
Makhleb accepts your kill.
You feel better.
Aizul the Neglectful Guardian comes into view.
You regained 6 hp, and now have 86/158 hp.
Aizul shouts!
You see here a guardian serpent corpse.
Aizul casts a spell at you.
You fall asleep.
Aizul coils himself and waves his upper body at you.
The poison arrow misses you. Aizul casts a spell at you.
The poison arrow hits you!
You are poisoned.
You partially resist.
You wake up.
Unknown command.
You feel sick. Aizul casts a spell at you. You resist with some effort.
You take 1 damage, and have 87/158 hp.
You feel sick.
You take 1 damage, and have 86/158 hp.
You feel sick.
You take 1 damage, and have 86/158 hp.
You feel sick. Aizul casts a spell at you. You resist with some effort.
You feel sick.
Aizul coils himself and waves his upper body at you.
The bolt of poison misses you.
You feel sick. Aizul casts a spell at you. You resist with some effort.
There is a stone staircase leading up, spattered with blood here.
You feel sick.
Aizul coils himself and waves his upper body at you.
You resist with some effort. Aizul hits you!
You climb upwards.
There is a stone staircase leading down, spattered with blood here.
You take 12 damage, and have 74/158 hp.
A demon appears!
You feel somewhat more hungry.
Aizul coils himself and waves his upper body at you.
The bolt of poison hits you!
You are more poisoned.
You resist.
You take 9 damage, and have 65/158 hp.
You feel sick. Aizul casts a spell at you. You resist with some effort.
You take 2 damage, and have 63/158 hp.
You feel sick.
You take 2 damage, and have 61/158 hp.
You slice Aizul!! You burn Aizul.
You feel sick. Aizul closely misses you.
Your green death misses Aizul.
You barely miss Aizul.
You feel sick. Aizul misses you.
Your green death hits Aizul.
You take 1 damage, and have 60/158 hp.
You barely miss Aizul.
You feel sick. Aizul misses you.
Your green death gestures at Aizul.
The poison arrow hits Aizul.
Aizul partially resists.
Aizul is poisoned.
You take 1 damage, and have 59/158 hp.
You completely miss Aizul.
You feel sick. You block Aizul's attack. Aizul casts a spell at you.
You fall asleep.
You feel sick.
Your green death gestures at Aizul.
The poison arrow hits Aizul.
Aizul partially resists.
Aizul looks even sicker.
Aizul hits your green death!
You feel sick.
Aizul coils himself and waves his upper body at your green death.
Your green death resists with almost no effort.
Your green death gestures at Aizul.
The bolt of poison hits Aizul.
Aizul casts a spell at your green death.
The bolt of poison hits your green death.
You feel sick.
Your green death hits Aizul!!
Aizul hits your green death!
You feel sick.
Aizul hits your green death but does no damage.
Your green death gestures at Aizul.
The bolt of poison hits Aizul.
Aizul hits your green death!
You feel sick.
Your green death hits Aizul!
Aizul hits your green death!!
Your green death dies!
Aizul shouts!
You wake up.
You take 5 damage, and have 54/158 hp.
Unknown command.
You hit Aizul but do no damage. Aizul casts a spell at you.
You fall asleep.
You feel sick. Aizul closely misses you. Aizul barely misses you.
You feel sick. Aizul hits you!!!
You wake up.
You die...

.## #.## #.......).......^).).##
..## #(.# #..............#.)>>###
...###..###............#####..# #
##...#.......#........## #..# #
##.......#####......## #..# #
###...### #......# ##.### ##.##
##.....# #.... #####...# #...รท.#
###...# #.......## #@....##
##...... .........#
##S....####....... .........##
###.>....##...##....
..........####........#...###..#.
........................### ##..#
...##..........#....##..# #..#
..####......####...###..## #..#
#####........##...## ##..# ##...
####.............## #..####...#


You could see Aizul.

Vanquished Creatures
  Gastronok (Lair:2)
  Snorg (Lair:8)
  Josephine (Orc:2)
  6 hydras
  A catoblepas (Lair:8)
  4 anacondas
  4 naga warriors
  A deep troll shaman (Lair:8)
  4 death yaks
  2 naga sharpshooters
  7 shock serpents
  2 orc high priests (Orc:2)
  5 skeletal warriors
  3 salamander mystics (Snake:2)
  A hill giant (D:12)
  2 naga ritualists (Snake:2)
  A lindwurm (Lair:8)
  5 mana vipers
  2 orc knights (Orc:2)
  An oklob plant (Snake:1)
  2 orc sorcerers (Orc:2)
  3 griffons
  3 ugly things
  7 elephants
  A manticore (Lair:3)
  12 salamanders
  7 naga magi
  A guardian serpent (Snake:3)
  32 black mambas
  12 spiny frogs
  Maurice (D:8)
  Joseph (D:6)
  A rime drake (Lair:5)
  5 komodo dragons
  A spriggan druid (Lair:6)
  5 trolls
  Prince Ribbit (D:9)
  Grinder (D:6)
  A polar bear (Lair:5)
  15 blink frogs
  A boulder beetle (Lair:8)
  31 yaks
  3 basilisks
  2 steam dragons
  3 wraiths
  The ghost of herpmino the Charmwright, an amateur DgSk (D:3)
  19 hippogriffs
  A hungry ghost (D:12)
  A vampire mosquito (D:7)
  24 nagas
  A warg (Orc:2)
  17 water moccasins
  12 porcupines
  17 orc warriors
  2 ice beasts
  A black bear (Lair:8)
  2 eyes of draining
  A phantom (D:4)
  5 sky beasts
  6 ogres
  A wasp (D:12)
  22 wolves
  7 centaurs
  26 crocodiles
  18 giant frogs
  A gnoll sergeant (Orc:2)
  2 water moccasin zombies (Ossuary)
  2 wyvern zombies
  3 scorpions
  16 killer bees
  13 wights
  4 howler monkeys (D:7)
  An electric eel (Lair:8)
  2 vampire bats (D:2)
  4 crimson imps
  A wasp zombie (D:9)
  2 centaur zombies
  5 centaur skeletons
  7 hounds
  3 jellies
  A quasit (D:5)
  19 orc priests
  A giant frog skeleton (D:10)
  21 orc wizards
  11 iguanas
  10 worker ants
  4 big kobold zombies (Ossuary)
  5 sheep
  A hound zombie (D:9)
  2 mummies (Ossuary)
  3 gnolls (Orc:2)
  30 river rats
  16 adders
  2 shadow imps
  An ooze (D:6)
  An adder zombie (Ossuary)
  2 adder skeletons (D:5)
  2 worms
  2 dart slugs (D:1)
  3 giant geckos
  83 orcs
  6 bats
  3 bat skeletons (D:2)
  2 bat zombies (D:2)
  2 giant cockroaches
  A gnoll zombie (Ossuary)
  9 goblins
  9 hobgoblins
  11 jackals
  10 kobolds
  9 quokkas
  3 ball pythons
  A giant gecko skeleton (D:7)
  A giant gecko zombie (D:5)
  3 giant newts
  3 hobgoblin zombies (Ossuary)
  3 kobold zombies (Ossuary)
  4 orc zombies (Ossuary)
  8 rats
  3 butterflies
767 creatures vanquished.

Vanquished Creatures (collateral kills)
  An orc warlord (Orc:2)
  Nessos (Lair:6)
  Fannar (Lair:2)
  A naga warrior (Snake:3)
  3 death yaks (Lair:8)
  2 naga sharpshooters (Snake:2)
  2 orc high priests (Orc:2)
  A naga ritualist (Snake:2)
  2 orc knights (Orc:2)
  The ghost of oplop the Covert, a novice VSAs of Ru (D:6)
  3 orc sorcerers (Orc:2)
  2 elephants (Lair:3)
  2 black mambas (Snake:2)
  A spiny frog (Lair:3)
  A two-headed ogre (D:8)
  A queen bee (Lair:1)
  2 blink frogs (Lair:4)
  2 wraiths (Orc:2)
  8 yaks
  2 vampire mosquitoes (D:8)
  A porcupine (Lair:4)
  2 water moccasins (Lair:3)
  6 orc warriors (Orc:2)
  A crocodile (Lair:3)
  2 giant frogs (Lair:3)
  12 killer bees (Lair:1)
  A howler monkey (D:8)
  3 orc priests (Orc:2)
  8 orc wizards (Orc:2)
  10 orcs (Orc:2)
85 creatures vanquished.

Vanquished Creatures (others)
  A naga sharpshooter (Snake:2)
  A black mamba (Snake:1)
  5 fungi
  9 plants
16 creatures vanquished.

Grand Total: 868 creatures vanquished

Notes
Turn   | Place    | Note
--------------------------------------------------------------
     0 | D:1      | esc the Hill Orc Gladiator began the quest for the Orb.
     0 | D:1      | Reached XP level 1. HP: 18/18 MP: 1/1
   246 | D:1      | Reached XP level 2. HP: 21/25 MP: 2/2
   450 | D:1      | Reached skill level 3 in Fighting
   692 | D:1      | Reached skill level 1 in Armour
   803 | D:2      | Reached XP level 3. HP: 31/31 MP: 3/3
   889 | D:2      | Found an ancient bone altar of Kikubaaqudgha.
   899 | D:2      | Reached XP level 4. HP: 40/40 MP: 4/4
   916 | D:2      | Reached skill level 2 in Armour
  1003 | D:2      | Reached skill level 3 in Dodging
  1274 | D:2      | Found a shimmering altar of Xom.
  1275 | D:2      | Found a burning altar of Makhleb.
  1289 | D:2      | Became a worshipper of Makhleb the Destroyer
  1385 | D:2      | Reached XP level 5. HP: 46/46 MP: 5/5
  1412 | D:2      | Reached skill level 4 in Fighting
  1621 | D:3      | Found an iron altar of Okawaru.
  1862 | D:3      | Reached skill level 4 in Polearms
  1891 | D:3      | Reached skill level 1 in Invocations
  1897 | D:3      | Reached * piety under Makhleb
  2028 | D:3      | Found a blossoming altar of Fedhas.
  2030 | D:3      | Noticed herpmino's ghost (amateur DgSk)
  2347 | D:3      | HP: 7/46 [herpmino's ghost (19)]
  2348 | D:3      | HP: 2/46 [herpmino's ghost (5)]
  2878 | D:4      | Got a shimmering scale mail
  2879 | D:4      | Identified the cursed +0 scale mail "Qaethreta" {rElec Str-2 Int+8} (You found it on level 4 of the Dungeon)
  2971 | D:3      | Killed herpmino's ghost
  2971 | D:3      | Reached skill level 2 in Invocations
  2971 | D:3      | Reached XP level 6. HP: 22/53 MP: 7/7
  3561 | D:4      | Found an opulent altar of Gozag.
  3858 | D:4      | Reached skill level 3 in Armour
  3996 | D:5      | Entered Level 5 of the Dungeon
  4020 | D:4      | Reached skill level 3 in Invocations
  4041 | D:4      | Reached ** piety under Makhleb
  4101 | D:5      | Reached XP level 7. HP: 60/60 MP: 9/9
  4153 | D:5      | Reached skill level 5 in Fighting
  4190 | D:5      | Found a sand-covered staircase.
  4290 | Ossuary  | Entered an ossuary
  4319 | Ossuary  | Reached skill level 4 in Invocations
  4487 | Ossuary  | Reached skill level 5 in Polearms
  4487 | Ossuary  | Reached skill level 4 in Armour
  4751 | D:5      | Reached *** piety under Makhleb
  4751 | D:5      | Reached skill level 4 in Dodging
  4751 | D:5      | Reached XP level 8. HP: 68/70 MP: 11/11
  4767 | D:5      | Gained mutation: You are resistant to hostile enchantments. [potion of beneficial mutation]
  4985 | D:5      | Found a white marble altar of Elyvilon.
  5028 | D:5      | Reached skill level 5 in Invocations
  5035 | D:5      | Reached skill level 6 in Fighting
  5193 | D:4      | Reached skill level 5 in Armour
  5275 | D:5      | Found a stormy altar of Qazlal.
  5276 | D:5      | Noticed an air elemental
  5276 | D:5      | Noticed a water elemental
  5452 | D:5      | Found Urhevye's General Store.
  5455 | D:5      | Bought a potion of curing for 45 gold pieces
  5455 | D:5      | Bought a +0 leather armour of magic resistance for 135 gold pieces
  5543 | D:6      | Noticed oplop's ghost (novice VSAs)
  5574 | D:6      | Killed oplop's ghost
  5574 | D:6      | Reached skill level 6 in Polearms
  5747 | D:6      | Noticed Grinder
  5816 | D:6      | Found a stormy altar of Qazlal.
  5861 | D:6      | Reached skill level 6 in Invocations
  5861 | D:6      | Reached XP level 9. HP: 69/78 MP: 13/13
  6079 | D:6      | Found a sacrificial altar of Ru.
  6186 | D:6      | HP: 8/78 [orc warrior/flail (17)]
  6432 | D:6      | Found an oddly glowing altar of Pakellas.
  6451 | D:6      | Reached skill level 7 in Fighting
  6451 | D:6      | Reached skill level 6 in Armour
  6713 | D:6      | Killed Grinder
  6713 | D:6      | Reached skill level 5 in Dodging
  6880 | D:7      | Reached skill level 7 in Invocations
  6962 | D:7      | Reached **** piety under Makhleb
  6962 | D:7      | Reached skill level 7 in Polearms
  7115 | D:7      | Noticed Joseph
  7134 | D:6      | Killed Joseph
  7168 | D:7      | Got a bloodstained shield
  7186 | D:7      | Identified the cursed +0 shield "Efiasidy" {rPois} (You found it on level 7 of the Dungeon)
  7206 | D:7      | Found a staircase to the Ecumenical Temple.
  7327 | D:7      | Reached XP level 10. HP: 68/88 MP: 15/15
  7608 | D:7      | HP: 10/88 [something/ball of steam (13)]
  7617 | D:7      | HP: 22/88 [steam dragon (3)]
  7619 | D:7      | Reached skill level 8 in Fighting
  7619 | D:7      | Reached skill level 7 in Armour
  7619 | D:7      | Reached skill level 8 in Invocations
  7910 | D:8      | Found a sparkling altar of Nemelex Xobeh.
  7921 | D:8      | Noticed Maurice
  8042 | D:8      | Killed Maurice
  8054 | D:8      | Found a shadowy altar of Dithmenos.
  8055 | D:8      | Found a glowing silver altar of Zin.
  8058 | D:8      | Found a shattered altar of Ashenzari.
  8058 | D:8      | Found a stormy altar of Qazlal.
  8063 | D:8      | Found a deep blue altar of Sif Muna.
  8211 | D:8      | Reached skill level 6 in Dodging
  8355 | D:8      | Reached skill level 8 in Polearms
  8377 | D:8      | HP: 21/89 [vampire mosquito (5)]
  8382 | D:8      | HP: 11/89 [vampire mosquito (9)]
  8836 | D:8      | Found Agrixt's Distillery.
  8842 | D:8      | Bought a potion of haste for 140 gold pieces
  8899 | D:8      | HP: 21/89 [jackal (3)]
  8906 | D:8      | HP: 18/89 [something (1)]
  8908 | D:8      | HP: 7/89 [something (10)]
  9360 | D:9      | Noticed Prince Ribbit
  9378 | D:9      | Killed Prince Ribbit
  9632 | D:9      | Found an oddly glowing altar of Pakellas.
  9834 | D:9      | Found a blossoming altar of Fedhas.
  9918 | D:9      | Reached ***** piety under Makhleb
  9948 | D:9      | Reached skill level 9 in Invocations
 10134 | D:8      | Reached skill level 8 in Armour
 10144 | D:8      | HP: 22/90 [vampire mosquito (10)]
 10151 | D:8      | HP: 14/90 [vampire mosquito (9)]
 10163 | D:8      | HP: 10/90 [vampire mosquito (6)]
 10182 | D:7      | HP: 6/90 [vampire mosquito (7)]
 10191 | D:7      | HP: 3/90 [vampire mosquito (5)]
 10602 | D:9      | Reached skill level 9 in Fighting
 11140 | D:9      | Found a blossoming altar of Fedhas.
 11648 | D:10     | Entered Level 10 of the Dungeon
 11661 | D:10     | Reached XP level 11. HP: 74/97 MP: 17/17
 11673 | D:10     | Found Abig's Distillery.
 11684 | D:10     | Found a portal to a secret trove of treasure.
 11724 | D:10     | Noticed a death yak
 11820 | D:10     | Found a glowing golden altar of the Shining One.
 12304 | D:10     | Found a staircase to the Lair.
 12319 | D:10     | Got a spiked leather armour
 12325 | Lair:1   | Entered Level 1 of the Lair of Beasts
 12336 | Lair:1   | Identified the cursed +1 leather armour of Huyb {Int+3} (You found it on level 10 of the Dungeon)
 12733 | Lair:1   | Got a brightly glowing leather armour
 12744 | Lair:1   | Identified the cursed +1 leather armour of Raxom {Slay+3} (You found it on level 1 of the Lair of Beasts)
 12773 | Lair:1   | Reached skill level 9 in Polearms
 13048 | Lair:1   | Gained mutation: You are somewhat resistant to further mutation. [potion of beneficial mutation]
 13064 | Lair:1   | Reached skill level 7 in Dodging
 13359 | Lair:1   | Reached skill level 10 in Invocations
 13873 | Lair:1   | Reached skill level 10 in Fighting
 14020 | Lair:1   | HP: 21/99 [spiny frog (23)]
 14025 | Lair:1   | HP: 20/99 [poisoned by a spiny frog]
 14030 | Lair:1   | HP: 18/99 [poisoned by a spiny frog]
 14036 | Lair:1   | HP: 17/99 [poisoned by a spiny frog]
 14044 | Lair:1   | HP: 17/99 [poisoned by a spiny frog]
 14695 | Lair:1   | HP: 25/100 [poisoned by a spiny frog]
 14702 | Lair:1   | HP: 25/100 [poisoned by a spiny frog]
 14710 | Lair:1   | HP: 25/100 [poisoned by a spiny frog]
 15483 | Lair:2   | Noticed Fannar
 15716 | Lair:2   | Noticed a six-headed hydra
 15718 | Lair:2   | Reached skill level 11 in Invocations
 15732 | Lair:2   | Killed Fannar
 15732 | Lair:2   | Reached ****** piety under Makhleb
 16054 | Lair:1   | Reached XP level 12. HP: 97/108 MP: 20/20
 16178 | Lair:2   | Killed a six-headed hydra
 16178 | Lair:2   | Reached skill level 10 in Polearms
 16302 | Lair:2   | Reached skill level 8 in Dodging
 16461 | Lair:2   | Reached skill level 11 in Fighting
 16836 | Lair:2   | Noticed Gastronok
 17013 | Lair:2   | Killed Gastronok
 17520 | Lair:3   | Reached skill level 12 in Invocations
 17893 | Lair:3   | Identified a scroll of acquirement
 18275 | Lair:3   | Reached skill level 11 in Polearms
 18300 | Lair:3   | Found a staircase to the Shoals.
 18548 | Lair:3   | Got a pair of heavily runed gloves
 18669 | Lair:3   | Reached skill level 9 in Dodging
 18680 | Lair:3   | Identified the +2 pair of gloves of the Merchant {rPois rC+ Int+7 Dex-5} (You found it on level 3 of the Lair of Beasts)
 19502 | Lair:4   | Reached XP level 13. HP: 75/117 MP: 22/22
 19575 | Lair:4   | Reached skill level 12 in Fighting
 19681 | Lair:4   | Found a staircase to the Snake Pit.
 19774 | Lair:4   | Got a pitted whip
 19775 | Lair:4   | Identified the +3 whip of Darkness {slash, *Drain rElec MP+9} (You found it on level 4 of the Lair of Beasts)
 19870 | Lair:4   | Reached skill level 13 in Invocations
 20538 | Lair:5   | Got an encrusted halberd
 20539 | Lair:5   | Identified the +7 halberd "Wykeu" {flame, Dex+3} (You acquired it on level 5 of the Lair of Beasts)
 21218 | Lair:5   | Reached skill level 12 in Polearms
 21813 | Lair:6   | Found a snail-covered altar of Cheibriados.
 21953 | Lair:6   | Noticed Nessos
 21964 | Lair:6   | Killed Nessos
 21984 | Lair:6   | Found a viscous altar of Jiyva.
 21985 | Lair:6   | Found a staircase to the Slime Pits.
 22503 | Lair:7   | Reached skill level 13 in Fighting
 22640 | Lair:7   | Reached skill level 10 in Dodging
 23188 | Lair:8   | Entered Level 8 of the Lair of Beasts
 23352 | Lair:8   | Reached skill level 14 in Invocations
 23409 | Lair:8   | Reached XP level 14. HP: 122/129 MP: 24/24
 23460 | Lair:8   | Noticed Snorg
 23470 | Lair:8   | Killed Snorg
 24965 | D:11     | Reached skill level 14 in Fighting
 24972 | D:11     | Reached skill level 13 in Polearms
 25442 | D:12     | Found Cycybo's Jewellery Emporium.
 25448 | D:12     | Reached skill level 15 in Invocations
 25516 | D:12     | Found a staircase to the Orcish Mines.
 26748 | Orc:1    | Entered Level 1 of the Orcish Mines
 26816 | Orc:1    | Reached skill level 11 in Dodging
 26956 | Orc:2    | Entered Level 2 of the Orcish Mines
 26956 | Orc:2    | Found Avimuq's Antique Weapon Boutique.
 27294 | Orc:2    | Found a staircase to the Elven Halls.
 27306 | Orc:2    | Found a bloodstained altar of Trog.
 27347 | Orc:2    | Reached XP level 15. HP: 139/139 MP: 26/26
 27444 | Orc:2    | Noticed Josephine
 27448 | Orc:2    | Killed Josephine
 27512 | Orc:2    | Noticed an orc warlord
 27526 | Orc:2    | Found Zazetebb's Food Boutique.
 27723 | Orc:2    | Killed an orc warlord
 28308 | Orc:2    | Found a roughly hewn altar of Beogh.
 28432 | Orc:2    | Reached skill level 16 in Invocations
 28451 | Orc:2    | Found Qoth's General Store.
 28452 | Orc:2    | Found Waxiuzxi's Jewellery Shop.
 28453 | Orc:2    | Found Seygh's Antique Armour Shop.
 28453 | Orc:2    | Found Jeps's Antique Weapon Boutique.
 28457 | Orc:2    | Bought a faintly humming robe for 159 gold pieces
 28457 | Orc:2    | Identified the +1 robe "Winonos" {rN+ MR+} (You bought it in a shop on level 2 of the Orcish Mines)
 28468 | Orc:2    | Bought a scroll of teleportation for 30 gold pieces
 28468 | Orc:2    | Bought a potion of curing for 30 gold pieces
 28769 | Snake:1  | Entered Level 1 of the Snake Pit
 29459 | Snake:1  | Got a heavily runed chain mail
 29470 | Snake:1  | Identified the +6 chain mail of the Komodo Dragon {*Contam rElec Int+8} (You found it on level 1 of the Snake Pit)
 29616 | Snake:1  | HP: 27/139 [black mamba (13)]
 29621 | Snake:1  | HP: 24/139 [black mamba (5)]
 29631 | Lair:4   | Reached skill level 14 in Polearms
 30119 | D:10     | Bought a potion of haste for 130 gold pieces
 30119 | D:10     | Bought a potion of haste for 130 gold pieces
 30119 | D:10     | Bought a potion of experience for 650 gold pieces
 30119 | D:10     | Bought a potion of agility for 52 gold pieces
 30119 | D:10     | Bought a potion of might for 52 gold pieces
 30119 | D:10     | Reached skill level 15 in Polearms
 30119 | D:10     | Reached XP level 16. HP: 147/147 MP: 28/28
 30390 | Snake:1  | Reached skill level 15 in Fighting
 30536 | Snake:1  | Reached skill level 9 in Armour
 30563 | Snake:1  | Got a twisted chain mail
 30564 | Snake:1  | Identified the +6 chain mail of the King {rPois Regen+ Int+3 Stlth-} (You found it on level 1 of the Snake Pit)
 30643 | Snake:1  | Found an opulent altar of Gozag.
 30961 | Snake:2  | HP: 35/149 [black mamba (11)]
 32361 | Snake:2  | Reached XP level 17. HP: 102/156 MP: 29/29
 33118 | Snake:3  | Reached skill level 12 in Dodging
 33244 | Snake:2  | Reached skill level 10 in Armour
 33244 | Snake:2  | Reached skill level 17 in Invocations
 33622 | Snake:3  | Noticed Aizul
 33658 | Snake:2  | Slain by Aizul

Skill      XL: |  1  2  3  4  5  6  7  8  9 10 11 12 13 14 15 16 17 |
---------------+----------------------------------------------------+-----
Fighting       | 3 4 5 6 7 9 10 11 13 14 15 | 15.8
Armour         | 1 2 3 4 5 6 8 9 10 | 10.0
Dodging        | 3 4 5 6 7 9 10 11 12 | 12.0
Polearms       | 4 5 6 7 8 9 11 12 13 15 | 15.7
Invocations    | 2 3 4 6 7 9 11 12 14 15 16 17 | 17.1
Throwing       | |  1.7

Action                   |  1- 3 |  4- 6 |  7- 9 | 10-12 | 13-15 | 16-18 || total
-------------------------+-------+-------+-------+-------+-------+-------++-------
Melee: Trident           |    86 |   241 |   592 |  1103 |   158 |       ||  2180
       Halberd           |       |       |       |       |   861 |   437 ||  1298
Throw: Throwing net      |       |       |     7 |       |       |       ||     7
       Stone             |       |       |       |    17 |    11 |     2 ||    30
Invok: Lesser Servant of |       |       |     1 |     8 |     3 |     1 ||    13
       Minor Destruction |       |       |     1 |       |       |       ||     1
       Major Destruction |       |       |       |    11 |     2 |       ||    13
       Greater Servant o |       |       |       |     2 |     4 |     2 ||     8
Evoke: Wand              |       |       |     2 |    13 |     5 |       ||    20
       Phial of floods   |       |       |       |       |     1 |       ||     1
  Use: Scroll            |     2 |     7 |    10 |    14 |    11 |     1 ||    45
       Potion            |       |       |     4 |    10 |     1 |     2 ||    17
 Stab: Sleeping          |       |     1 |     1 |     8 |     2 |       ||    12
       Distracted        |       |       |     1 |     8 |     3 |     1 ||    13
       Held in net/web   |       |       |     1 |       |       |       ||     1
       Paralysed         |       |       |       |    14 |       |       ||    14
       Petrified         |       |       |       |       |     7 |       ||     7
       Petrifying        |       |       |       |       |     1 |       ||     1
  Eat: Chunk             |       |     8 |     4 |    18 |    21 |     1 ||    52
       Beef jerky        |       |     1 |       |     2 |     2 |       ||     5
       Pizza             |       |     1 |       |       |     3 |     1 ||     5
       Fruit             |       |       |     3 |    19 |     9 |       ||    31
       Bread ration      |       |       |     1 |     1 |       |       ||     2
       Royal jelly       |       |       |       |       |     1 |     4 ||     5
Armor: Leather armour    |    23 |    51 |    70 |   214 |   111 |       ||   469
       Scale mail        |       |     7 |    38 |     9 |       |       ||    54
       Ring mail         |       |     5 |    73 |       |       |       ||    78
       Skin              |       |       |       |     8 |       |       ||     8
       Chain mail        |       |       |       |       |    25 |   147 ||   172
Dodge: Dodged            |    53 |   102 |   274 |   500 |   526 |   176 ||  1631
Block: Other             |    12 |    23 |    73 |   140 |    98 |    53 ||   399
       Reflection        |       |     1 |       |     1 |     1 |     7 ||    10

Vault maps used:
D:1:      dpeg_arrival_pits
D:2:      minitemple, kennysheep_vampire_church, first_bread
D:3:      lemuel_crystal_altar, fedhas_altar_fruit_tree
D:4:      nicolae_gozag_seed_capital
D:5:      overflow_temple_1_default, serial_shops, nicolae_shop_behind_doors,
          nicolae_ossuary_entry_monument, nicolae_qazlal_style_of_elements
D:6:      old_standard_altar, basic_altar, nicolae_ru_the_path_less_chosen,
          uniq_grinder
D:7:      minmay_temple_entry_butterflies, uniq_joseph
D:8:      grunt_temple_overflow_open, serial_shops, shop, uniq_maurice
D:9:      boulder_corridor_run, kennysheep_mini, hangedman_tree_tricks,
          grunt_pakellas_sulfur, uniq_prince_ribbit1
D:10:     david_lair_generic, nicolae_trove_entry_crossroad, serial_shops, shop,
          tso_metal_star
D:12:     hiddenorc2_lemuel, serial_shops, shop
Lair:1:   cheibrodos_lair_caveside_slide, infiniplex_staircase_pool_2,
          serial_bayou_shore_a
Lair:2:   st_stairs_10, uniq_gastronok, uniq_fannar
Lair:3:   minmay_shoals_entry_beasts
Lair:4:   guppyfry_snake_entry_garden, lab_entry_generic, serial_bayou_shore_b,
          grunt_megastairs_2
Lair:5:   roderic_lost_polar_bear, lemuel_fruit_fields,
          infiniplex_staircase_pool, grunt_megastairs_3
Lair:6:   dpeg_slime_entry_enclosed_altar, basic_altar, kilobyte_rumbling_trees,
          uniq_nessos
Lair:7:   grunt_megastairs_4
Lair:8:   grunt_lair_end_beastmaster, minivault_23, uniq_snorg
Snake:1:  lemuel_oklob_altar
Snake:2:  serial_bayou_shore_b
Snake:3:  spider_trap, grunt_ministairs_7, uniq_aizul
Orc:2:    st_orc_congregation, basic_altar, serial_shops, shop,
          nicolae_shop_waterfront, lemuel_statue_altar, uniq_josephine
Ossuary:  ossuary_tomb_2

Table legend:
 A = Turns spent in this place as a percentage of turns spent in the entire game.
 B = Non-inter-level travel turns spent in this place as a percentage of non-inter-level travel turns spent in the entire game.
 C = Inter-level travel turns spent in this place as a percentage of turns spent in this place.
 D = Turns resting spent in this place as a percentage of non-inter-level travel turns spent in this place.
 E = Turns spent auto-exploring this place as a percentage of non-inter-level travel turns spent in this place.
 F = Non-inter-level travel turns spent in this place divided by the number of levels of this place that you've seen.
                   A       B       C       D       E      F
               +-------+-------+-------+-------+-------+----------------------
         Total | 100.0 | 100.0 |   0.8 |   2.3 |   6.3 | 370.6
       Dungeon |  45.1 |  45.0 |   1.0 |   1.5 |   7.0 | 361.7
          Lair |  34.0 |  34.0 |   0.8 |   3.2 |   5.5 | 410.0
     Snake Pit |  11.2 |  11.3 |   0.2 |   3.4 |   6.1 | 361.7
  Orcish Mines |   6.8 |   6.8 |   0.8 |   0.9 |   8.8 | 328.0
       Ossuary |   2.8 |   2.9 |   0.0 |   4.0 |   0.0 | 275.0
               +-------+-------+-------+-------+-------+----------------------

Table legend:
 A = Kills in this place as a percentage of kills in entire the game.
 B = Kills by you in this place as a percentage of kills by you in the entire game.
 C = Kills by friends in this place as a percentage of kills by friends in the entire game.
 D = Other kills in this place as a percentage of other kills in the entire game.
 E = Experience gained in this place as a percentage of experience gained in the entire game.
 F = Experience gained in this place divided by the number of levels of this place that you have seen.
                   A       B       C       D       E      F
               +-------+-------+-------+-------+-------+----------------------
         Total | 100.0 | 100.0 | 100.0 | 100.0 | 100.0 | 5711.1
       Dungeon |  38.3 |  42.0 |   5.9 |   0.0 |  16.9 | 2090.7
          Lair |  34.2 |  33.2 |  43.5 |   0.0 |  41.7 | 7740.9
     Snake Pit |  11.6 |  11.9 |   7.1 | 100.0 |  31.6 | 15628.7
  Orcish Mines |  13.5 |  10.2 |  43.5 |   0.0 |   9.6 | 7130.0
       Ossuary |   2.4 |   2.6 |   0.0 |   0.0 |   0.2 | 327.0
               +-------+-------+-------+-------+-------+----------------------
